 Dungeon Crawl Stone Soup version 0.31-a0-150-g89dc3ad700 (webtiles) character file.

Game seed: 18283601602582036491

44611 qw the Marksminotaur (level 13, 0/119 HPs)
             Began as a Minotaur Hunter on June 8, 2023.
             Was an Elder of Okawaru.
             Succumbed to Nessos's poison
             ... on level 5 of the Lair of Beasts.
             The game lasted 00:07:10 (14089 turns).

qw the Marksminotaur (Minotaur Hunter)             Turns: 14089, Time: 00:07:11

Health: 0/119      AC: 17    Str: 16    XL:     13   Next: 97%
Magic:  17/19      EV: 22    Int:  6    God:    Okawaru [****..]
Gold:   474        SH:  0    Dex: 19    Spells: 12/12 levels left

rFire   + . .        c - +0 triple crossbow (freeze)
rCold   . . .        (shield currently unavailable)
rNeg    . . .        k - +1 troll leather armour {Snorg}
rPois   .            (helmet restricted)
rElec   .            b - +2 cloak
rCorr   .            m - +2 pair of gloves
SInv    +            v - +0 pair of boots
Will    .....        x - amulet of faith
Stlth   +++          h - ring of see invisible
HPRegen 1.19/turn    p - ring of protection from fire
MPRegen 0.16/turn

%: faith
@: lethally poisoned (0 -> -43), about to teleport, heroic
A: horns 2, retaliatory headbutt, iridescent scales 1
a: Renounce Religion, Heroism, Finesse


You were on level 5 of the Lair of Beasts.
You worshipped Okawaru.
Okawaru was greatly pleased with you.
You visited 2 branches of the dungeon, and saw 16 of its levels.
You also visited: Ossuary.

You collected 923 gold pieces.
You spent 449 gold pieces at shops.


Innate Abilities, Weirdness & Mutations

You have a pair of horns on your head.
You reflexively headbutt those who attack you in melee.
You are partially covered in iridescent scales. (AC +2)


   Skills:
 + Level 12.3(17.3) Fighting
 - Level 19.0(24.0) Ranged Weapons
 - Level 6.4(11.4) Armour
 - Level 10.0(15.0) Dodging
 - Level 0.7(5.7) Stealth
 - Level 10.0 Invocations


You had 12 spell levels left.
You didn't know any spells.
Your spell library was empty.

Inventory:

Hand Weapons
 c - a +0 triple crossbow of freezing (weapon)
Armour
 b - a +2 cloak (worn)
 k - a +1 troll leather armour (worn) {Snorg}
 m - a +2 pair of gloves (worn)
 v - a +0 pair of boots (worn)
Jewellery
 h - a ring of see invisible (left hand)
 i - an amulet of reflection
 p - a ring of protection from fire (right hand)
 t - a +6 ring of strength
 u - a ring of protection from fire
 x - an amulet of faith (around neck)
 Y - a ring of protection from cold
Wands
 n - a wand of digging (8)
Scrolls
 l - 4 scrolls of identify
 q - 4 scrolls of teleportation
Potions
 a - 2 potions of might
 d - 3 potions of haste
 e - 2 potions of resistance
 f - 3 potions of magic
 g - 3 potions of mutation
 j - 8 potions of curing
 o - 3 potions of cancellation
 r - 4 potions of heal wounds

Dungeon Overview and Level Annotations

Branches:
Dungeon (11/15)            Temple (0/1) D:7            Lair (5/5) D:11
 Shoals (0/4) Lair:3        Snake (0/4) Lair:3      Ossuary (visited)
  Slime: Lair:4-5       Orc: D:9-12

Altars:
Cheibriados
Gozag
Okawaru
Qazlal
Ru
Trog
Wu Jian
Xom
Zin
The Shining One

Shops:
D:1 !   D:7 (   D:8 [[:=

Annotations:
D:2 1 runed translucent door, Crazy Yiuf
D:5 2 runed translucent doors, qw's ghost, amateur MiHu
Lair:5 Nessos


Message History

Nessos casts a spell.
Nessos seems to speed up.
Nessos shoots an arrow.
The arrow hits you! The arrow burns you.
You are poisoned.
You shoot a bolt.
The bolt hits Nessos but does no damage.
Nessos is severely wounded.
You feel extremely sick.
Nessos shoots an arrow.
The arrow hits you but does no damage.
Nessos shoots an arrow.
The arrow hits you.
You are more poisoned.
Nessos mumbles some strange words.
Nessos blinks!
You shoot a bolt. The bolt barely misses Nessos.
You feel extremely sick.
Nessos shoots an arrow.
The arrow hits you! The arrow burns you.
You are more poisoned.
Nessos gestures wildly while chanting.
Nessos blinks!
Nessos casts a spell.
Nessos blinks!
14087 ||| INVOKING Heroism.
You gain the combat prowess of a mighty hero.
You feel extremely sick.
Nessos shoots an arrow.
The arrow hits you!! The arrow burns you.
You are more poisoned.
Nessos shoots an arrow.
The arrow hits you! The arrow burns you.
You are lethally poisoned!
You shoot a bolt. The bolt hits Nessos.
The bolt freezes Nessos.
Nessos is almost dead.
You feel extremely sick.
Nessos shoots an arrow.
The arrow closely misses you.
Nessos shoots an arrow.
The arrow hits you. The arrow burns you.
You are more poisoned.
Nessos mumbles some strange words.
Nessos blinks!
14089 ||| READING 5 scrolls of teleportation.
As you read the scroll of teleportation, it crumbles to dust.
You feel strangely unstable.
You die...

.........P
..........
#k......#.
#.........
##........#
#........#
#.<....P.#
##......P#
#.@....##
#.....c.#
#.......#
#P..ยค.....#
#.........#
###./....##
.......#
?......P


You could see Nessos (fast) and a rime drake.

Vanquished Creatures
  Gastronok (Lair:1)
  Snorg (D:10)
  2 hydras
  3 two-headed ogres (D:11)
  Erica (D:11)
  4 boulder beetles
  Nergalle (D:11)
  Amaemon (D:10)
  Pikel (D:7)
  An obsidian statue (D:11)
  An oklob plant (Lair:4)
  A manticore (Lair:3)
  4 elephants
  Joseph (D:7)
  2 black mambas
  A molten gargoyle (Lair:3)
  A gargoyle (D:11)
  An orange demon (D:10)
  8 cane toads
  Maggie (D:10)
  3 komodo dragons
  An unseen horror (D:11)
  A rime drake (Lair:1)
  A troll (D:11)
  A queen bee (D:11)
  A wind drake (Lair:3)
  3 polar bears
  35 blink frogs
  7 dream sheep (Lair:4)
  9 wyverns
  3 shadows
  A vampire (D:10)
  2 basilisks
  Grum (D:8)
  40 yaks
  2 steam dragons
  3 vampire mosquitoes (D:11)
  Menkaure (D:4)
  An acid dragon (D:8)
  14 water moccasins
  Duvessa (D:6)
  2 nagas (Lair:3)
  2 orc warriors (D:9)
  2 ice beasts (D:6)
  2 sky beasts (D:7)
  5 black bears
  16 wolves
  2 centaurs
  A phantom (D:5)
  A lemure (D:7)
  5 elf zombies (Ossuary)
  3 gnoll sergeants
  11 bullfrogs
  8 scorpions
  Dowan (D:6)
  32 killer bees
  3 howler monkeys
  3 electric eels
  A lava snake (Lair:3)
  A gnoll bouda (D:9)
  4 centaur zombies (Ossuary)
  5 orc priests
  7 hounds
  3 human zombies (Ossuary)
  2 jellies
  8 iguanas
  Jessica (D:2)
  9 orc wizards
  Terence (D:2)
  3 mummies (Ossuary)
  Robin (D:2)
  8 adders
  20 gnolls
  2 shadow imps
  15 white imps
  3 worms (D:2)
  2 dart slugs (D:1)
  30 orcs
  8 ball pythons
  7 bats
  5 endoplasms
  2 giant cockroaches (D:1)
  11 goblins
  7 hobgoblins
  6 jackals
  2 quokkas
  2 frilled lizards (D:3)
  7 kobolds
  7 rats
457 creatures vanquished.

Notes
Turn   | Place    | Note
-------+----------+-------------------------------------------
     0 | D:1      | qw the Minotaur Hunter began the quest for the Orb.
     0 | D:1      | Reached XP level 1. HP: 18/18 MP: 0/0
     0 | D:1      | 0 ||| qw: Version: 0.2-a-119-g7aa9181
     0 | D:1      | 0 ||| qw: Game counter: 2915
     0 | D:1      | 0 ||| qw: Always use a shield: true
     0 | D:1      | 0 ||| qw: God list: Okawaru
     0 | D:1      | 0 ||| qw: Allow faded altars: false
     0 | D:1      | 0 ||| qw: Do Orc after D:15 true
     0 | D:1      | 0 ||| qw: Do second Lair branch before Depths: true
     0 | D:1      | 0 ||| qw: Lair rune preference: random
     0 | D:1      | 0 ||| qw: Plans: Normal
     0 | D:1      | 0 ||| PLANNING D:1-11
   146 | D:1      | Reached XP level 2. HP: 23/25 MP: 1/1
   234 | D:1      | Reached skill level 5 in Ranged Weapons
   350 | D:1      | Reached skill level 3 in Fighting
   537 | D:1      | Found Taom's Distillery.
   548 | D:1      | 548 ||| BUYING potion of curing (42 gold).
   548 | D:1      | Bought a potion of curing for 42 gold pieces
   548 | D:1      | 548 ||| SHOPLISTING potion of curing (42 gold, have 30).
   548 | D:1      | 548 ||| SHOPLISTING potion of heal wounds (70 gold, have
                  | 30).
   548 | D:1      | 548 ||| SHOPLISTING potion of might (56 gold, have 30).
   655 | D:1      | 655 ||| UPGRADING to +0 ring mail.
   665 | D:1      | 665 ||| DROPPING +0 leather armour.
   666 | D:1      | 666 ||| DROPPING ring of flight.
   667 | D:1      | 667 ||| READING scroll labelled FOYSCHE OHIZXA.
   668 | D:1      | 668 ||| READING scroll labelled JOOQIJ MOILI.
   669 | D:1      | 669 ||| DRINKING 2 fizzy golden potions.
   670 | D:1      | 670 ||| DROPPING scroll of butterflies.
   690 | D:2      | Reached XP level 3. HP: 25/31 MP: 2/2
   690 | D:2      | 690 ||| STAIRDANCE
   802 | D:2      | Noticed Terence
   811 | D:2      | Killed Terence
   909 | D:2      | Noticed Jessica
   915 | D:2      | Killed Jessica
   916 | D:2      | Reached XP level 4. HP: 38/38 MP: 3/3
  1087 | D:2      | Reached skill level 6 in Ranged Weapons
  1091 | D:2      | Noticed Robin
  1095 | D:2      | Killed Robin
  1407 | D:2      | Found a runed translucent door.
  1408 | D:2      | Noticed Crazy Yiuf
  1431 | D:2      | 1431 ||| UPGRADING to +6 ring of strength.
  1432 | D:2      | 1432 ||| READING scroll labelled SAMEMI KEBBOAG.
  1433 | D:2      | 1433 ||| READING scroll labelled ALIURU PIALAXI.
  1434 | D:2      | 1434 ||| DRINKING 2 bubbling amethyst potions.
  1434 | D:2      | Gained mutation: You are partially covered in iridescent
                  | scales. (AC +2) [potion of mutation]
  1487 | D:3      | Identified the +8 spear of Integrity {flame, Will+ Str-3
                  | Int+2 Dex+3}
  1563 | D:3      | Reached XP level 5. HP: 46/46 MP: 4/4
  2227 | D:3      | 2227 ||| UPGRADING to +2 cloak.
  2232 | D:3      | 2232 ||| READING scroll labelled RUUKODDOALE.
  2490 | D:4      | 2490 ||| FLEEEEING.
  2635 | D:4      | Noticed Menkaure
  2645 | D:4      | Killed Menkaure
  2646 | D:4      | Reached skill level 7 in Ranged Weapons
  2646 | D:4      | Reached XP level 6. HP: 31/52 MP: 5/5
  3018 | D:4      | 3018 ||| UPGRADING to +0 pair of gloves.
  3023 | D:4      | 3023 ||| DROPPING ring of magical power.
  3024 | D:4      | 3024 ||| READING scroll labelled VEICIT XAMOEPN.
  3025 | D:4      | 3025 ||| READING 2 scrolls of identify.
  3025 | D:4      | 3025 ||| IDENTIFYING bubbling brown potion
  3026 | D:4      | 3026 ||| DROPPING potion of lignification.
  3059 | D:5      | Entered Level 5 of the Dungeon
  3074 | D:5      | Reached skill level 8 in Ranged Weapons
  3199 | D:5      | Reached XP level 7. HP: 60/60 MP: 6/6
  3261 | D:5      | Found a stormy altar of Qazlal.
  3339 | D:5      | Found a runed translucent door.
  3344 | D:5      | Noticed qw's ghost (amateur MiHu)
  3379 | D:5      | Reached skill level 3 in Dodging
  3721 | D:5      | Reached skill level 9 in Ranged Weapons
  3782 | D:5      | Found a glowing silver altar of Zin.
  3998 | D:5      | Found a runed translucent door.
  4099 | D:5      | Found an iron altar of Okawaru.
  4100 | D:5      | 4100 ||| PLANNING OKAWARU WORSHIP
  4100 | D:5      | 4100 ||| UPGRADING to ring of protection from fire.
  4101 | D:5      | 4101 ||| DROPPING +6 ring of intelligence.
  4102 | D:5      | 4102 ||| READING scroll labelled FIKLU FIZXASH.
  4103 | D:5      | 4103 ||| DRINKING 2 bubbling clear potions.
  4207 | D:5      | 4207 ||| READING 2 scrolls of identify.
  4207 | D:5      | 4207 ||| IDENTIFYING red potion
  4208 | D:5      | 4208 ||| DROPPING potion of berserk rage.
  4209 | D:5      | Found a sacrificial altar of Ru.
  4212 | D:5      | Found an ornate altar of the Wu Jian Council.
  4215 | D:5      | Became a worshipper of Warmaster Okawaru
  4215 | D:5      | 4215 ||| PLANNING D:1-11
  4255 | D:5      | Reached skill level 6 in Fighting
  4360 | D:6      | 4360 ||| PLANNING OSSUARY
  4372 | D:6      | 4372 ||| STAIRDANCE
  4382 | D:5      | HP: 15/63 [poisoned by a water moccasin]
  4385 | D:5      | Reached XP level 8. HP: 11/70 MP: 7/7
  4387 | D:5      | HP: 8/70 [poisoned by a water moccasin]
  4680 | D:6      | Found a sand-covered staircase.
  4681 | D:6      | 4681 ||| READING scroll labelled QABBIGR MEUBYICO.
  4682 | D:6      | 4682 ||| READING 2 scrolls of identify.
  4682 | D:6      | 4682 ||| IDENTIFYING fizzy inky potion
  4683 | D:6      | 4683 ||| DROPPING potion of brilliance.
  4688 | Ossuary  | Entered an ossuary
  4711 | Ossuary  | Reached * piety under Okawaru
  4712 | Ossuary  | Reached skill level 10 in Ranged Weapons
  4748 | Ossuary  | Reached skill level 3 in Armour
  4748 | Ossuary  | Reached skill level 1 in Invocations
  4933 | Ossuary  | Reached skill level 3 in Invocations
  5016 | Ossuary  | 5016 ||| READING scroll labelled IBLUAW VEEBE.
  5017 | Ossuary  | 5017 ||| DRINKING 2 puce potions.
  5018 | Ossuary  | 5018 ||| DRINKING 2 sedimented puce potions.
  5019 | Ossuary  | 5019 ||| READING 2 scrolls of identify.
  5019 | Ossuary  | 5019 ||| IDENTIFYING glowing green potion
  5020 | Ossuary  | 5020 ||| DROPPING potion of attraction.
  5030 | D:6      | 5030 ||| PLANNING D:1-11
  5180 | D:6      | Reached ** piety under Okawaru
  5181 | D:6      | Reached XP level 9. HP: 79/79 MP: 11/11
  5277 | D:6      | Identified the +0 scale mail of the Hunter {rF- Str+6
                  | Stlth-}
  5372 | D:6      | Found a bloodstained altar of Trog.
  5374 | D:6      | Found a glowing golden altar of the Shining One.
  5374 | D:6      | Found a shimmering altar of Xom.
  5390 | D:6      | 5390 ||| INVOKING Heroism.
  5408 | D:6      | Noticed Duvessa
  5410 | D:6      | Reached skill level 11 in Ranged Weapons
  5412 | D:6      | 5412 ||| INVOKING Heroism.
  5413 | D:6      | Noticed Dowan
  5414 | D:6      | 5414 ||| Stepping ~*~*~tactically~*~*~ (outnumbered).
  5415 | D:6      | 5415 ||| Stepping ~*~*~tactically~*~*~ (outnumbered).
  5430 | D:6      | Killed Duvessa
  5441 | D:6      | 5441 ||| INVOKING Heroism.
  5454 | D:6      | HP: 14/79 [orc warrior/+0 scimitar (8)]
  5455 | D:6      | 5455 ||| READING 4 scrolls of teleportation.
  5463 | D:6      | 5463 ||| INVOKING Heroism.
  5464 | D:6      | 5464 ||| READING 3 scrolls of teleportation.
  5711 | D:6      | 5711 ||| INVOKING Heroism.
  5718 | D:6      | Killed Dowan
  5751 | D:6      | 5751 ||| SWAPPING to +0 orcbow.
  5752 | D:6      | 5752 ||| DROPPING +1 shortbow.
  5773 | D:6      | Noticed a boulder beetle
  5774 | D:6      | 5774 ||| INVOKING Heroism.
  5801 | D:6      | Killed a boulder beetle
  5802 | D:6      | Reached skill level 12 in Ranged Weapons
  6009 | D:6      | 6009 ||| UPGRADING to +2 robe of positive energy.
  6022 | D:6      | 6022 ||| FLEEEEING.
  6023 | D:6      | 6023 ||| FLEEEEING.
  6024 | D:6      | 6024 ||| FLEEEEING.
  6025 | D:6      | 6025 ||| FLEEEEING.
  6026 | D:6      | 6026 ||| FLEEEEING.
  6027 | D:6      | 6027 ||| FLEEEEING.
  6028 | D:6      | 6028 ||| FLEEEEING.
  6029 | D:6      | 6029 ||| FLEEEEING.
  6030 | D:6      | 6030 ||| FLEEEEING.
  6031 | D:6      | 6031 ||| FLEEEEING.
  6032 | D:6      | 6032 ||| FLEEEEING.
  6033 | D:6      | 6033 ||| FLEEEEING.
  6035 | D:6      | 6035 ||| FLEEEEING.
  6058 | D:6      | 6058 ||| UPGRADING to +2 robe of positive energy.
  6068 | D:6      | 6068 ||| DROPPING +0 ring mail.
  6090 | D:6      | 6090 ||| UPGRADING to ring of protection from fire.
  6092 | D:6      | 6092 ||| READING scroll labelled RAISUA SULETH.
  6093 | D:6      | 6093 ||| DRINKING 2 orange potions.
  6094 | D:6      | 6094 ||| READING 3 scrolls of identify.
  6094 | D:6      | 6094 ||| IDENTIFYING smoky clear potion
  6095 | D:6      | 6095 ||| READING 2 scrolls of identify.
  6095 | D:6      | 6095 ||| IDENTIFYING fizzy emerald potion
  6096 | D:6      | 6096 ||| DROPPING potion of enlightenment.
  6097 | D:6      | 6097 ||| DROPPING potion of degeneration.
  6260 | D:6      | Found a snail-covered altar of Cheibriados.
  6424 | D:7      | Noticed Pikel
  6424 | D:7      | Noticed Joseph
  6425 | D:7      | 6425 ||| INVOKING Heroism.
  6441 | D:7      | Killed Joseph
  6442 | D:7      | Reached XP level 10. HP: 81/90 MP: 10/12
  6444 | D:7      | Killed Pikel
  6444 | D:7      | Reached *** piety under Okawaru
  6445 | D:7      | Reached skill level 6 in Dodging
  6546 | D:7      | 6546 ||| INVOKING Heroism.
  6671 | D:7      | Found Tesoic's Antique Weapon Boutique.
  6690 | D:7      | Reached skill level 13 in Ranged Weapons
  6764 | D:7      | Found a staircase to the Ecumenical Temple.
  6849 | D:7      | 6849 ||| UPGRADING to amulet of the acrobat.
  6854 | D:7      | 6854 ||| UPGRADING to amulet of reflection.
  6864 | D:7      | 6864 ||| DROPPING amulet of the acrobat.
  6865 | D:7      | 6865 ||| UPGRADING to ring of protection from cold.
  6867 | D:7      | 6867 ||| READING scroll labelled IFYTTIT UHAB.
  6868 | D:7      | 6868 ||| READING scroll labelled TEVVIR RUXZUM.
  6969 | D:7      | 6969 ||| READING 3 scrolls of identify.
  6969 | D:7      | 6969 ||| IDENTIFYING silvery potion
  6995 | D:8      | 6995 ||| STAIRDANCE
  6997 | D:7      | 6997 ||| INVOKING Heroism.
  7102 | D:8      | 7102 ||| STAIRDANCE
  7156 | D:8      | 7156 ||| INVOKING Heroism.
  7159 | D:8      | Reached skill level 9 in Fighting
  7210 | D:8      | Noticed Grum
  7212 | D:8      | 7212 ||| INVOKING Heroism.
  7215 | D:8      | 7215 ||| Stepping ~*~*~tactically~*~*~ (outnumbered).
  7220 | D:8      | Killed Grum
  7281 | D:8      | Found Huoxtuno's Jewellery Shoppe.
  7292 | D:8      | 7292 ||| SHOPLISTING +4 ring of protection (540 gold, have
                  | 347).
  7292 | D:8      | 7292 ||| SHOPLISTING +4 ring of slaying (1170 gold, have
                  | 347).
  7292 | D:8      | 7292 ||| SHOPLISTING ring of ice (375 gold, have 347).
  7292 | D:8      | 7292 ||| BUYING ring of see invisible (225 gold).
  7292 | D:8      | Bought a ring of see invisible for 225 gold pieces
  7315 | D:8      | 7315 ||| INVOKING Heroism.
  7437 | D:8      | Found Nesuyh's Book Emporium.
  7446 | D:8      | 7446 ||| UPGRADING to ring of see invisible.
  7450 | D:8      | 7450 ||| INVOKING Heroism.
  7541 | D:8      | Found Ymmy's Armour Shop.
  7550 | D:8      | 7550 ||| BUYING +1 leather armour "Kicet" {+Inv Will+ MP-9}
                  | (115 gold).
  7550 | D:8      | Bought the +1 leather armour "Kicet" {+Inv Will+ MP-9} for
                  | 115 gold pieces
  7550 | D:8      | 7550 ||| SHOPLISTING +3 leather armour of fire resistance
                  | (360 gold, have 61).
  7630 | D:8      | 7630 ||| READING scroll of brand weapon.
  7630 | D:8      | 7630 ||| BRANDING +0 orcbow of flaming.
  7715 | D:8      | Found Riwiotu's Armour Shop.
  7720 | D:8      | 7720 ||| BUYING +0 pair of boots (67 gold).
  7720 | D:8      | Bought a +0 pair of boots for 67 gold pieces
  7860 | D:8      | 7860 ||| UPGRADING to +1 leather armour "Kicet" {+Inv Will+
                  | MP-9}.
  7870 | D:8      | 7870 ||| UPGRADING to +0 pair of boots.
  7875 | D:8      | 7875 ||| READING 2 scrolls labelled ISIPPE ADIAK.
  7876 | D:8      | 7876 ||| READING scroll of enchant armour.
  7876 | D:8      | 7876 ||| ENCHANTING +0 pair of gloves.
  8064 | D:9      | 8064 ||| INVOKING Heroism.
  8073 | D:9      | Reached skill level 14 in Ranged Weapons
  8270 | D:9      | 8270 ||| INVOKING Heroism.
  8334 | D:9      | 8334 ||| INVOKING Heroism.
  8335 | D:9      | 8335 ||| Stepping ~*~*~tactically~*~*~ (outnumbered).
  8758 | D:9      | 8758 ||| DROPPING +2 robe of positive energy.
  8759 | D:9      | 8759 ||| UPGRADING to +2 ring mail of cold resistance.
  8834 | D:9      | 8834 ||| UPGRADING to amulet of faith.
  8844 | D:9      | 8844 ||| UPGRADING to ring of protection from fire.
  8846 | D:9      | 8846 ||| READING 4 scrolls of identify.
  8846 | D:9      | 8846 ||| IDENTIFYING lumpy grey potion
  8847 | D:9      | 8847 ||| READING 3 scrolls of identify.
  8847 | D:9      | 8847 ||| IDENTIFYING bubbling purple potion
  8848 | D:9      | 8848 ||| DROPPING potion of ambrosia.
  8849 | D:9      | 8849 ||| DROPPING potion of invisibility.
  8864 | D:10     | Entered Level 10 of the Dungeon
  8864 | D:10     | Noticed Snorg
  8865 | D:10     | 8865 ||| INVOKING Heroism.
  8874 | D:10     | Killed Snorg
  8875 | D:10     | Reached XP level 11. HP: 99/99 MP: 11/13
  8915 | D:10     | 8915 ||| READING scroll of brand weapon.
  8915 | D:10     | 8915 ||| BRANDING +0 orcbow of draining.
  8924 | D:10     | Reached **** piety under Okawaru
  8934 | D:10     | 8934 ||| READING scroll of enchant armour.
  8934 | D:10     | 8934 ||| ENCHANTING +1 pair of gloves.
  8947 | D:10     | Noticed Amaemon
  8948 | D:10     | 8948 ||| INVOKING Heroism.
  8952 | D:10     | 8952 ||| Stepping ~*~*~tactically~*~*~ (outnumbered).
  8958 | D:10     | Killed Amaemon
  9150 | D:10     | Found an opulent altar of Gozag.
  9217 | D:10     | Noticed Maggie
  9231 | D:10     | Killed Maggie
  9285 | D:10     | 9285 ||| READING scroll of enchant weapon.
  9285 | D:10     | 9285 ||| ENCHANTING +0 orcbow of freezing.
  9420 | D:10     | 9420 ||| UPGRADING to +1 troll leather armour {Snorg}.
  9430 | D:10     | 9430 ||| DROPPING +1 leather armour "Kicet" {+Inv Will+
                  | MP-9}.
  9431 | D:10     | 9431 ||| DROPPING +2 ring mail of cold resistance.
  9458 | D:11     | Reached ***** piety under Okawaru
  9462 | D:11     | Noticed a two-headed ogre
  9463 | D:11     | 9463 ||| INVOKING Heroism.
  9464 | D:11     | Noticed a boulder beetle
  9473 | D:11     | Killed a two-headed ogre
  9474 | D:11     | 9474 ||| INVOKING Finesse.
  9489 | D:11     | HP: 14/99 [boulder beetle (15)]
  9490 | D:11     | 9490 ||| READING 4 scrolls of teleportation.
  9491 | D:11     | 9491 ||| DRINKING 2 potions of heal wounds.
  9514 | D:11     | Reached skill level 15 in Ranged Weapons
  9518 | D:11     | 9518 ||| INVOKING Heroism.
  9521 | D:11     | Reached skill level 6 in Invocations
  9574 | D:11     | 9574 ||| INVOKING Heroism.
  9668 | D:11     | 9668 ||| INVOKING Heroism.
  9687 | D:11     | 9687 ||| INVOKING Finesse.
  9695 | D:11     | Killed a boulder beetle
  9740 | D:11     | Noticed a two-headed ogre
  9741 | D:11     | 9741 ||| INVOKING Heroism.
  9759 | D:11     | Killed a two-headed ogre
  9769 | D:11     | Noticed an obsidian statue
  9770 | D:11     | 9770 ||| INVOKING Heroism.
  9771 | D:11     | 9771 ||| INVOKING Finesse.
  9782 | D:11     | Killed an obsidian statue
  9802 | D:11     | Noticed Nergalle
  9804 | D:11     | 9804 ||| INVOKING Heroism.
  9811 | D:11     | Killed Nergalle
  9891 | D:11     | Noticed Erica
  9892 | D:11     | 9892 ||| INVOKING Heroism.
  9892 | D:11     | Noticed a two-headed ogre
  9893 | D:11     | 9893 ||| INVOKING Finesse.
  9898 | D:11     | Killed Erica
  9899 | D:11     | Reached XP level 12. HP: 106/106 MP: 8/17
  9899 | D:11     | Noticed a boulder beetle
  9903 | D:11     | Killed a two-headed ogre
  9914 | D:11     | Killed a boulder beetle
 10110 | D:11     | Found a staircase to the Lair.
 10137 | D:11     | Reached skill level 16 in Ranged Weapons
 10231 | D:11     | 10231 ||| PLANNING LAIR
 10273 | Lair:1   | Entered Level 1 of the Lair of Beasts
 10273 | Lair:1   | Noticed Gastronok
 10274 | Lair:1   | 10274 ||| INVOKING Heroism.
 10292 | Lair:1   | Killed Gastronok
 10293 | Lair:1   | Reached skill level 9 in Invocations
 10296 | Lair:1   | Received a gift from Okawaru
 10317 | Lair:1   | 10317 ||| STAIRDANCE
 10329 | D:11     | 10329 ||| INVOKING Heroism.
 10343 | D:11     | 10343 ||| FLEEEEING.
 10344 | D:11     | 10344 ||| FLEEEEING.
 10345 | D:11     | 10345 ||| FLEEEEING.
 10353 | D:11     | 10353 ||| FLEEEEING.
 10354 | D:11     | 10354 ||| FLEEEEING.
 10415 | Lair:1   | 10415 ||| STAIRDANCE
 10417 | D:11     | 10417 ||| INVOKING Heroism.
 10470 | Lair:1   | 10470 ||| STAIRDANCE
 10472 | D:11     | 10472 ||| INVOKING Heroism.
 10482 | D:11     | Reached skill level 9 in Dodging
 10532 | Lair:1   | 10532 ||| SWAPPING to +5 arbalest of freezing.
 10533 | Lair:1   | 10533 ||| DROPPING +1 orcbow of freezing.
 10592 | Lair:1   | 10592 ||| INVOKING Heroism.
 10952 | Lair:1   | Reached ****** piety under Okawaru
 10966 | Lair:1   | Received a gift from Okawaru
 10977 | Lair:1   | Reached XP level 13. HP: 117/117 MP: 19/19
 11096 | Lair:1   | 11096 ||| READING scroll of enchant weapon.
 11096 | Lair:1   | 11096 ||| ENCHANTING +5 arbalest of freezing.
 11286 | Lair:2   | 11286 ||| INVOKING Heroism.
 11293 | Lair:2   | Received a gift from Okawaru
 11299 | Lair:2   | 11299 ||| SWAPPING to +0 triple crossbow of freezing.
 11300 | Lair:2   | 11300 ||| DROPPING +6 arbalest of freezing.
 11323 | Lair:2   | Reached skill level 17 in Ranged Weapons
 11359 | Lair:2   | 11359 ||| INVOKING Heroism.
 11650 | Lair:2   | 11650 ||| INVOKING Heroism.
 12024 | Lair:2   | 12024 ||| INVOKING Heroism.
 12025 | Lair:2   | 12025 ||| INVOKING Finesse.
 12043 | Lair:2   | Reached skill level 18 in Ranged Weapons
 12552 | Lair:3   | 12552 ||| INVOKING Heroism.
 12557 | Lair:3   | 12557 ||| INVOKING Finesse.
 12559 | Lair:3   | Reached skill level 12 in Fighting
 12559 | Lair:3   | Identified the +5 scale mail of Hewkan {rF+ Will+ Str-5
                  | Dex+4} (Okawaru gifted it to you on level 3 of the Lair of
                  | Beasts)
 12559 | Lair:3   | Received a gift from Okawaru
 12568 | Lair:3   | Reached skill level 6 in Armour
 12582 | Lair:3   | 12582 ||| STAIRDANCE
 12651 | Lair:3   | 12651 ||| INVOKING Heroism.
 12672 | Lair:3   | 12672 ||| Stepping ~*~*~tactically~*~*~ (outnumbered).
 12672 | Lair:3   | Found a frozen archway.
 12678 | Lair:3   | 12678 ||| Stepping ~*~*~tactically~*~*~ (outnumbered).
 12737 | Lair:3   | 12737 ||| INVOKING Heroism.
 12805 | Lair:3   | Found a staircase to the Shoals.
 12823 | Lair:3   | Found a staircase to the Snake Pit.
 12824 | Lair:3   | 12824 ||| Stepping ~*~*~tactically~*~*~ (outnumbered).
 12826 | Lair:3   | 12826 ||| Stepping ~*~*~tactically~*~*~ (outnumbered).
 13231 | Lair:3   | 13231 ||| INVOKING Heroism.
 13464 | Lair:4   | 13464 ||| INVOKING Heroism.
 13465 | Lair:4   | 13465 ||| INVOKING Finesse.
 13526 | Lair:4   | 13526 ||| INVOKING Heroism.
 13557 | Lair:4   | Reached skill level 19 in Ranged Weapons
 13714 | Lair:4   | 13714 ||| INVOKING Heroism.
 13774 | Lair:4   | 13774 ||| INVOKING Heroism.
 13782 | Lair:4   | Received a gift from Okawaru
 13810 | Lair:4   | Identified the +0 whip of the Muttering Stork {pain, rN+
                  | rCorr Int+2 Dex+3}
 14038 | Lair:5   | Entered Level 5 of the Lair of Beasts
 14041 | Lair:5   | 14041 ||| STAIRDANCE
 14058 | Lair:5   | 14058 ||| STAIRDANCE
 14082 | Lair:5   | Noticed Nessos
 14087 | Lair:5   | 14087 ||| INVOKING Heroism.
 14088 | Lair:5   | HP: 18/119 [poisoned by Nessos]
 14089 | Lair:5   | 14089 ||| READING 5 scrolls of teleportation.
 14089 | Lair:5   | Succumbed to Nessos's poison

Levels and vault maps discovered:
D:1:      dpeg_arrival_round_c, layout_basic, serial_shops,
          nicolae_shop_statue_plus, corner_web_ring, minmay_tetromino_o4
D:2:      layout_basic, dk_noncrumbling_4, uniq_terence,
          uniq_crazy_yiuf_cottage, uniq_jessica, uniq_robin
D:3:      layout_loops_ring, kennysheep_nondescript,
          amcnicky_mini_corridor_feature
D:4:      layout_basic, uniq_menkaure
D:5:      layout_basic, zin_scriptorium, grunt_temple_overflow_open,
          ebering_ghost_sewer_f
D:6:      cheibrodos_fzero, layout_loops_ring, mainiacjoe_overflow_alcove_4,
          gammafunk_temple_overflow_forgotten,
          nicolae_ossuary_entry_false_entrances, kennysheep_generic_room_16,
          uniq_duvessa
D:7:      layout_rooms, minmay_temple_entry_glass, serial_shops, shop,
          amcnicky_mini_rare_corridor_liquid, minmay_between, uniq_joseph,
          uniq_pikel
D:8:      layout_rooms, serial_shops, shop, nicolae_shop_rolling_square, shop,
          shop, uniq_grum
D:9:      layout_loops_corners
D:10:     layout_rooms, nicolae_gozag_cash_rules_everything_around_me,
          hive_lemuel, uniq_maggie, uniq_amaemon, uniq_snorg
D:11:     layout_big_octagon, minmay_lair_entry_grove, minivault_15,
          minivault_7, uniq_nergalle, uniq_erica
Lair:1:   layout_gridlike, serial_bayou_shore_b, serial_bayou_shore_b,
          uniq_gastronok
Lair:2:   layout_layer_cave, beast_lair_carwin_11, lemuel_fruit_fields
Lair:3:   layout_gridlike, minmay_shoals_entry_beasts,
          guppyfry_snake_entry_garden, portal_ice_cave_entry_imps,
          gammafunk_lair_bear_cave
Lair:4:   layout_long_grid, chequers_serial_rivers_micro_d, lemuel_fruit_fields
Lair:5:   gammafunk_lair_ancient_temple, layout_hall_layers, slime_entry_1,
          uniq_nessos

Skill      XL: |  1  2  3  4  5  6  7  8  9 10 11 12 13 |
---------------+----------------------------------------+-----
Ranged Weapons | 5 6 7 8 9 10 12 14 15 16 19 | 19.0
Fighting       | 3 4 6 7 8 9 10 11 12 | 12.3
Armour         | 2 3 5 6 |  6.4
Dodging        | 3 4 5 7 8 9 10 | 10.0
Invocations    | 4 8 10 | 10.0
Stealth        | |  0.7

Action                     |  1- 3 |  4- 6 |  7- 9 | 10-12 | 13-15 || total
---------------------------+-------+-------+-------+-------+-------++-------
   Fire: Shortbow          |    99 |   189 |   411 |       |       ||   699
         Orcbow            |       |       |    72 |   705 |       ||   777
         Arbalest          |       |       |       |    51 |    21 ||    72
         Triple crossbow   |       |       |       |       |   233 ||   233
 Invoke: Heroism           |       |       |     7 |    24 |    13 ||    44
         Finesse           |       |       |       |     4 |     3 ||     7
    Use: Scroll            |     2 |     5 |    11 |    12 |     2 ||    32
         Potion            |     1 |     1 |     4 |     1 |       ||     7
 Armour: Leather armour    |     9 |       |       |    10 |       ||    19
         Ring mail         |     7 |    23 |   110 |    13 |       ||   153
         Robe              |       |       |     5 |    10 |       ||    15
         Troll leather arm |       |       |       |    91 |    41 ||   132
  Dodge: Dodged            |    28 |    35 |   155 |   472 |   151 ||   841
  Block: Other             |       |       |       |    14 |       ||    14

Table legend:
 A = Non-vault XP
 B = Vault XP
 C = Vault XP percentage of total XP
 D = Non-vault monster count
 E = Vault monster count
 F = Vault count percentage of total count
                 A         B        C        D         E       F
            +---------+---------+-------+---------+---------+-------
      Total |   46546 |   17185 |  27.0 |     335 |     121 |  26.5
            +---------+---------+-------+---------+---------+-------
        D:1 |      36 |       4 |  10.0 |      18 |       3 |  14.3
        D:2 |      53 |      98 |  64.9 |      20 |      10 |  33.3
        D:3 |      76 |       0 |   0.0 |      17 |       0 |   0.0
        D:4 |     107 |     169 |  61.2 |      15 |       1 |   6.2
        D:5 |     932 |       0 |   0.0 |      22 |       0 |   0.0
        D:6 |     609 |    2181 |  78.2 |      11 |      22 |  66.7
        D:7 |     715 |    1292 |  64.4 |      11 |       6 |  35.3
        D:8 |    1454 |     425 |  22.6 |      22 |       3 |  12.0
        D:9 |    1247 |       0 |   0.0 |      26 |       0 |   0.0
       D:10 |     907 |    2559 |  73.8 |       9 |       4 |  30.8
       D:11 |   10774 |    5747 |  34.8 |      43 |      34 |  44.2
     Lair:1 |    7365 |    1435 |  16.3 |      37 |       1 |   2.6
     Lair:2 |    8039 |     700 |   8.0 |      30 |       3 |   9.1
     Lair:3 |    6369 |    1740 |  21.5 |      26 |      19 |  42.2
     Lair:4 |    7863 |       0 |   0.0 |      28 |       0 |   0.0
    Ossuary |       0 |     835 | 100.0 |       0 |      15 | 100.0
            +---------+---------+-------+---------+---------+-------
